Map: Goldenaura LE

Players

Subwayeatn - Winner!

  • Race: Zerg Zerg
  • League: Platinum
  • Spawn Location: 12:00

Josher

  • Race: Zerg Zerg
  • Spawn Location: 5:00

VOD

Have the link to the VOD?

Description

Time

  • Played on: Nov. 14, 2023, 9:43 a.m.
  • Length: 5:03
Show
View Real Time Build Order
Export as new Build Order

Subwayeatn Zerg - Winner!

Build Orders: Pool First 

Get SALT Encoding   

  12  0:00  Drone  
  13  0:11  Drone  
  14  0:16  Extractor  
  13  0:31  Spawning Pool  
  12  1:03  Hatchery  
  11  1:20  Queen  
  11  1:25  Overlord  
  13  1:36  Metabolic Boost  
  13  1:42  Zergling x2  
  13  1:46  Zergling x2  
  15  1:51  Zergling x2  
  16  2:00  Zergling x2  
  17  2:05  Zergling x2  
  18  2:16  Queen  
  18  2:18  Zergling x2  
  21  2:23  Zergling x2  
  22  2:32  Zergling x2  
  22  2:33  Zergling x2  
  24  2:46  Zergling x4  
  26  2:52  Overlord  
  26  2:57  Zergling x2  
  27  3:02  Zergling x2  
  23  3:29  Zergling x2  
  23  3:30  Zergling x10  
  24  3:45  Zergling x6  
  25  3:51  Zergling x4  
  27  3:56  Zergling x2  
  27  4:21  Zergling x2  
  27  4:22  Zergling x8  
  31  4:33  Zergling x4  
  33  4:45  Zergling x6  
Show
View Real Time Build Order
Export as new Build Order

Josher Zerg 

Build Orders: Hatch First 

Get SALT Encoding   

  12  0:00  Drone  
  13  0:08  Drone  
  14  0:18  Overlord  
  14  0:36  Drone  
  15  0:51  Drone x3  
  18  1:00  Hatchery  
  17  1:06  Extractor  
  16  1:13  Drone x2  
  18  1:20  Spawning Pool  
  18  1:25  Drone  
  18  1:35  Drone  
  19  1:46  Drone  
  20  1:48  Extractor  
  19  1:56  Drone  
  20  2:09  Drone  
  20  2:11  Queen  
  20  2:13  Overlord  
  23  2:16  Queen  
  23  2:19  Drone  
  26  2:24  Drone  
  27  2:37  Drone x2  
  29  2:47  Zergling x4  
  29  2:50  Lair  
  31  2:51  Spine Crawler  
  31  2:54  Spine Crawler  
  31  2:57  Spine Crawler  
  29  3:00  Zergling x2  
  29  3:01  Zergling x4  
  28  3:21  Queen  
  24  3:46  Spine Crawler  
  24  3:47  Zergling x2  
  24  3:48  Zergling x6  
  27  4:08  Zergling x2  
  27  4:09  Zergling x6  
  23  4:35  Spire  
Tags
 
Add a new tag
Caveats
  • Supply blocks, unpowered buildings, or Contaminate may cause inaccurate times.
  • Supply counts are checked every 10 seconds.